 Dungeon Crawl Stone Soup version bcrawl-1.38.3 (webtiles) character file.

Game seed: 1404453170398947439

255316 Chiseanne the Ducker (level 6, 48/48 HPs)
             Began as a Demonspawn Archaeologist on June 21, 2023.
             Was an Initiate of Gozag.
             Quit the game on level 5 of the Dungeon.
             The game lasted 00:10:33 (1582 turns).

Chiseanne the Ducker (Demonspawn Archaeologist)     Turns: 1582, Time: 00:10:34

Health: 48/48      AC:  9    Str: 12    XL:     6   Next: 1%
Magic:  6/6        EV: 12    Int: 16    God:    Gozag
Gold:   368        SH:  0    Dex: 12    Spells: 5/5 levels left

rFire    . . .     GDR:     26% a - +2 short sword (venom)
rCold    + . .     SeeInvis .   (no shield)
rNeg     . . .     Gourm    .   l - +1 ring mail
rPois    .         Faith    .   d - +1 hat
rElec    .         Spirit   .   (no cloak)
rCorr    .         Reflect  .   (no gloves)
MR       .....                  b - +1 pair of boots
Stlth    +.........             (no amulet)
HPRegen  0.18/turn              (no ring)
MPRegen  0.10/turn              (no ring)

@: gold aura
A: claws 1, horns 1, talons 1, cold resistance 1, powered by death 1
a: Potion Petition, Call Merchant, Bribe Branch, Renounce Religion


You were on level 5 of the Dungeon.
You worshipped Gozag.
Gozag was aware of your devotion.
You were not hungry.

You visited 1 branch of the dungeon, and saw 5 of its levels.

You collected 400 gold pieces.
You paid 32 gold pieces to Gozag.

Inventory:

Hand Weapons
 a - a +2 short sword of venom (weapon)
 h - a +0 trident
 s - a +2 dagger of electrocution
 v - a +0 hunting sling
 w - a +0 blowgun
 y - a +0 rapier
Missiles
 f - 6 curare-tipped needles
 k - 92 poisoned needles
 n - 208 stones (quivered)
 q - 246 arrows
 u - 193 sling bullets
Armour
 b - a +1 pair of boots (worn)
 d - a +1 hat (worn)
 l - a +1 ring mail (worn)
Wands
 m - a wand of iceblast (3)
 t - a wand of polymorph (9)
Scrolls
 g - 2 scrolls of magic mapping
 i - a scroll of immolation
 o - 2 scrolls of teleportation
 x - a scroll of remove curse
Potions
 c - 2 potions of brilliance
 j - a potion of ambrosia {unknown}
 p - 2 potions of agility {unknown}
 r - a potion of heal wounds {unknown}
Comestibles
 e - 10 rations {!d}


   Skills:
 * Level 3.7 Fighting
   Level 0.9 Maces & Flails
 * Level 2.2 Armour
 * Level 4.3 Dodging
 - Level 3.0 Stealth


You had 5 spell levels left.
You didn't know any spells.
Your spell library was empty.

Dungeon Overview and Level Annotations

Branches:
Dungeon (5/12)
 Temple: D:4-7

Altars:
Gozag


Innate Abilities, Weirdness & Mutations

You have sharp fingernails.
You have a pair of small horns on your head.
You have sharp toenails.
Your flesh is cold resistant. (rC+)
You regenerate a little health from kills.


Message History

The shadow imp is lightly wounded.
The shadow imp hits you but does no damage.
You hit the shadow imp.
The shadow imp is moderately wounded.
The shadow imp hits you but does no damage. x2
You hit the shadow imp. You headbutt the shadow imp.
You kill the shadow imp!
You have reached level 6!
Your experience leads to an increase in your attributes!
Increase (S)trength, (I)ntelligence, or (D)exterity?
You feel stronger.
Your demonic ancestry asserts itself...
Your fingernails lengthen.
You now have 368 gold pieces (gained 7).
Found a scroll labeled UQEHUT ZIPIDOR.
z - a scroll labeled UQEHUT ZIPIDOR
As you read the scroll labeled UQEHUT ZIPIDOR, it crumbles to dust.
It is a scroll of enchant weapon.
Your +1 short sword of venom glows red for a moment.
Okay, then.
Are you sure you want to abandon this character and quit the game? (Confirm with "yes".)

..# #......####
##...##. ..#
###...## ##.##
..# ##.##
#######.# ..
#.# #.......#
#.# #.#######
#.#######.#####
#.#...........#
.#.#####.###.#
#@# #.# #...#
#.# ###.# #.#
#.# #.. #.# ###
#.# #.# #.#


There were no monsters in sight!

Vanquished Creatures
  An ice beast (D:5)
  Ijyb (D:3)
  2 worker ants (D:4)
  5 adders
  A shadow imp (D:5)
  2 worms (D:2)
  A dart slug (D:2)
  4 leopard geckos
  2 orcs
  2 bats
  5 giant cockroaches
  A goblin (D:1)
  3 hobgoblins
  3 jackals (D:4)
  2 quokkas
  A ball python (D:1)
  A frilled lizard (D:1)
  6 kobolds
  3 rats
46 creatures vanquished.

Notes
Turn   | Place    | Note
-------+----------+-------------------------------------------
     0 | D:1      | Chiseanne the Demonspawn Archaeologist began the quest for
                  | the Orb.
     0 | D:1      | Reached XP level 1. HP: 15/15 MP: 1/1
   280 | D:1      | Gained mutation: Your flesh is cold resistant. (rC+)
                  | [demonic ancestry]
   280 | D:1      | Reached XP level 2. HP: 19/21 MP: 2/2
   303 | D:1      | Reached skill level 3 in Dodging
   540 | D:2      | Found an opulent altar of Gozag.
   542 | D:2      | Became a worshipper of Gozag Ym Sagoz the Greedy
   560 | D:2      | Gained mutation: You regenerate a little health from kills.
                  | [demonic ancestry]
   560 | D:2      | Reached XP level 3. HP: 27/27 MP: 3/3
  1045 | D:3      | Gained mutation: You have sharp toenails. [demonic
                  | ancestry]
  1045 | D:3      | Reached XP level 4. HP: 30/34 MP: 4/4
  1206 | D:3      | Noticed Ijyb
  1212 | D:3      | Killed Ijyb
  1213 | D:3      | Reached skill level 1 in Armour
  1329 | D:4      | Gained mutation: You have a pair of small horns on your
                  | head. [demonic ancestry]
  1329 | D:4      | Reached XP level 5. HP: 38/41 MP: 5/5
  1329 | D:4      | Identified a scroll of acquirement
  1354 | D:4      | Reached skill level 4 in Dodging
  1408 | D:5      | Entered Level 5 of the Dungeon
  1408 | D:5      | Noticed an ice beast
  1418 | D:5      | Killed an ice beast
  1575 | D:5      | Gained mutation: You have sharp fingernails. [demonic
                  | ancestry]
  1575 | D:5      | Reached XP level 6. HP: 48/48 MP: 6/6
  1582 | D:5      | Quit the game

Skill      XL: |  1  2  3  4  5 |
---------------+----------------+-----
Dodging        | 3 4 |  4.3
Fighting       | 2 3 |  3.7
Armour         | 1 2 |  2.2
Maces & Flails | |  0.9
Stealth        | |  3.0

Action                   |  1- 3 |  4- 6 || total
-------------------------+-------+-------++-------
Melee: Whip              |   106 |       ||   106
       Short sword       |    71 |    49 ||   120
       Unarmed           |       |    11 ||    11
       Dagger            |       |     8 ||     8
       Headbutt          |       |     4 ||     4
Evoke: Wand              |       |     3 ||     3
  Use: Scroll            |     5 |     4 ||     9
 Stab: Sleeping          |     3 |       ||     3
       Distracted        |       |     1 ||     1
  Eat: Chunk             |     3 |       ||     3
       Ration            |     1 |     1 ||     2
Armor: Robe              |    14 |       ||    14
       Ring mail         |    53 |    32 ||    85
Dodge: Dodged            |   107 |    48 ||   155
